 Dungeon Crawl Stone Soup version 0.23.2-1-ga50397a6bc (webtiles) character file.

Game seed: 992345675735946526

272 Mrkan the Cudgeler (level 6, 0/52 HPs)
             Began as a Draconian Gladiator on May 22, 2019.
             Was an Initiate of Wu Jian.
             Succumbed to a worker ant's poison
             ... on level 4 of the Dungeon.
             The game lasted 00:06:17 (2755 turns).

Mrkan the Cudgeler (Draconian Gladiator)            Turns: 2755, Time: 00:06:18

Health: 0/52       AC:  6    Str: 23    XL:     6   Next: 2%
Magic:  6/6        EV: 13    Int:  9    God:    Wu Jian [......]
Gold:   111        SH:  0    Dex: 12    Spells: 5/5 levels left

rFire    + . .     SeeInvis .   a - +0 flail
rCold    + . .     Gourm    .   (no shield)
rNeg     . . .     Faith    .   (armour unavailable)
rPois    +         Spirit   .   b - +0 hat
rElec    +         Reflect  .   (no cloak)
rCorr    +         Harm     .   (no gloves)
MR       .....                  (no boots)
Stlth    +.........             (no amulet)
HPRegen  0.17/turn              (no ring)
MPRegen  0.10/turn              (no ring)

@: mighty, lethally poisoned (0 -> -8), resistant
A: unfitting armour, cold-blooded, AC +6
a: Renounce Religion


You were on level 4 of the Dungeon.
You worshipped Wu Jian.
Wu Jian was noncommittal.
You were not hungry.

You visited 1 branch of the dungeon, and saw 4 of its levels.

You collected 111 gold pieces.

Inventory:

Hand Weapons
 a - a +0 flail (weapon)
Missiles
 c - 3 throwing nets (quivered)
Armour
 b - a +0 hat (worn)
 l - a +0 cloak
Jewellery
 f - a +1 ring of protection {unknown}
 j - an uncursed ring of ice {unknown}
 m - an uncursed ring of see invisible {unknown}
Scrolls
 e - 6 scrolls of identify {unknown}
 g - a scroll of fog {unknown}
 h - a scroll of enchant weapon {unknown}
 k - 2 scrolls of remove curse {unknown}
Comestibles
 d - 5 rations


   Skills:
 + Level 4.3 Fighting
 * Level 5.8 Maces & Flails
 - Level 1.7 Throwing
 - Level 2.6 Dodging


You had 5 spell levels left.
You didn't know any spells.
Your spell library was empty.

Dungeon Overview and Level Annotations

Branches:
Dungeon (4/15)             Temple (0/1) D:4

Altars:
Ashenzari
Dithmenos
Elyvilon
Kikubaaqudgha
Ru
Sif Muna
Uskayaw
Vehumet
Wu Jian

Annotations:
D:3 2 transporters


Innate Abilities, Weirdness & Mutations

Your plain brown scales are hard. (AC +6)
You cannot fit into any form of body armour.
You are cold-blooded and may be slowed by cold attacks.


Message History

The Council accepts your kill.
You have reached level 6!
Your experience leads to an increase in your attributes!
Increase (S)trength, (I)ntelligence, or (D)exterity?
You feel stronger.
Your scales feel tougher.
* * * LOW HITPOINT WARNING * * *
You feel sick.
* * * LOW HITPOINT WARNING * * *
You feel sick.
It was a potion of resistance.
You feel protected.
* * * LOW HITPOINT WARNING * * *
You feel sick.
It was a potion of might.
You feel very mighty all of a sudden.
* * * LOW HITPOINT WARNING * * *
You feel sick.
* * * LOW HITPOINT WARNING * * *
You feel sick.
You die...

#.#.#..# #..####.##..#
#.#.##.# #...........###
#.......###.............#
#....#.##........#....# #
#..........####..#....#
#.##...#.###.####..#.##.#
#.......## #.......#.##.#
#..)...#####.#####.#.##.#
######.#......@....#.##.#
#####.#.###.##.......#.#
#.....#.###.##.......#(#######
#.###....##.##.......#.÷.....#
#.# #..................##.##.#
#.# ##...#####......##.##.##.#
#.# ##.## #......#..(......
#.# #.# #................ #.#
#.# ####...#..⌠...⌠..


There were no monsters in sight!

Vanquished Creatures
  Blork the orc (D:4)
  A hound (D:4)
  Terence (D:2)
  A worker ant (D:4)
  5 adders
  2 oozes (D:1)
  4 leopard geckos
  2 bat zombies (D:2)
  6 giant cockroaches
  4 goblins
  7 hobgoblins
  7 jackals
  2 quokkas
  A ball python (D:2)
  3 bats
  3 frilled lizards
  10 kobolds
  8 rats
  A rat zombie (D:2)
69 creatures vanquished.

Notes
Turn   | Place    | Note
-------+----------+-------------------------------------------
     0 | D:1      | Mrkan the Draconian Gladiator began the quest for the Orb.
     0 | D:1      | Reached XP level 1. HP: 17/17 MP: 1/1
    30 | D:1      | Reached XP level 2. HP: 17/25 MP: 2/2
   382 | D:1      | Reached XP level 3. HP: 24/30 MP: 3/3
   616 | D:1      | Reached skill level 4 in Maces & Flails
  1147 | D:2      | Noticed Terence
  1165 | D:2      | Killed Terence
  1165 | D:2      | Reached XP level 4. HP: 17/38 MP: 4/4
  1322 | D:2      | Found an ancient bone altar of Kikubaaqudgha.
  1365 | D:2      | Found an ornate altar of the Wu Jian Council.
  1979 | D:2      | Became a worshipper of the Wu Jian Council
  2012 | D:3      | Found a shattered altar of Ashenzari.
  2067 | D:3      | Reached skill level 5 in Maces & Flails
  2098 | D:3      | Reached XP level 5. HP: 46/46 MP: 5/5
  2123 | D:3      | Found a deep blue altar of Sif Muna.
  2124 | D:3      | Found a sacrificial altar of Ru.
  2125 | D:3      | Found a shadowy altar of Dithmenos.
  2148 | D:3      | Found a hide-covered altar of Uskayaw.
  2197 | D:3      | Found a white marble altar of Elyvilon.
  2213 | D:3      | Found a transporter.
  2219 | D:3      | Found a transporter.
  2373 | D:3      | Found a radiant altar of Vehumet.
  2548 | D:4      | Found a staircase to the Ecumenical Temple.
  2628 | D:4      | Noticed Blork the orc
  2639 | D:4      | Killed Blork the orc
  2750 | D:4      | Reached XP level 6. HP: 6/52 MP: 6/6
  2752 | D:4      | HP: 2/52 [poisoned by a worker ant]
  2755 | D:4      | Succumbed to a worker ant's poison

Skill      XL: |  1  2  3  4  5 |
---------------+----------------+-----
Maces & Flails | 4 5 |  5.8
Fighting       | 3 4 |  4.3
Throwing       | |  1.7
Dodging        | |  2.6

Action                   |  1- 3 |  4- 6 || total
-------------------------+-------+-------++-------
Melee: Flail             |   118 |   130 ||   248
       Tailslap          |    13 |    18 ||    31
Invok: Lunge             |       |     6 ||     6
  Use: Potion            |     1 |     2 ||     3
  Eat: Chunk             |     1 |     5 ||     6
Armor: Skin              |    31 |    34 ||    65
Dodge: Dodged            |    86 |    96 ||   182
